 Dungeon Crawl Stone Soup version 0.17-a0-1567-gdd419b1 (webtiles) character file.

8 ololoev the Chucker (level 2, -1/31 HPs)
             Began as an Ogre Hunter on July 22, 2015.
             Slain by a goblin
             ... wielding a +0 spear
              (6 damage)
             ... on level 1 of the Dungeon.
             The game lasted 00:01:16 (551 turns).

ololoev the Chucker (Ogre Hunter)                    Turns: 551, Time: 00:01:16

Health: -1/31      AC:  3    Str: 16    XL:     2   Next: 8%
Magic:  2/2        EV: 10    Int: 10    God:
Gold:   40         SH:  0    Dex: 10    Spells: 0 memorised, 1 level left

rFire  . . .     SeeInvis .     a - +0 mace
rCold  . . .     Clarity  .     d - +0 robe
rNeg   . . .     SustAt   .     (no shield)
rPois  .         Gourm    .     (helmet restricted)
rElec  .         Spirit   .     (no cloak)
rCorr  .         Warding  .     (gloves unavailable)
rMut   .         Stasis   .     (boots unavailable)
MR     .....                    (no amulet)
Stlth  +.........               (no ring)
                                (no ring)

@: not resistant to hostile enchantments, very unstealthy
A: unfitting armour, tough skin 1
a: no special abilities


Innate Abilities, Weirdness & Mutations

You are too large for most types of armour.
You have tough skin (AC +1).

Inventory:

Hand weapons
 a - a +0 mace (weapon)
Missiles
 b - 2 throwing nets
 f - 5 large rocks (quivered)
Armour
 d - a +0 robe (worn)
Scrolls
 g - 2 scrolls of identify {unknown}
Comestibles
 c - a meat ration
 e - a bread ration


   Skills:
 + Level 3.1 Fighting
 * Level 1.1 Maces & Flails
 + Level 4.5 Throwing
 - Level 1.7 Dodging
 - Level 0.7 Stealth


You had one spell level left.
You didn't know any spells.


You were on level 1 of the Dungeon.
You were not hungry.

You visited 1 branch of the dungeon, and saw 1 of its levels.

You collected 40 gold pieces.

#).......##..# ##(######.....##
#(.......##....### .#
####(.......##......###..#
..##........###..##.....#
...#(.......# #..##)##### ###
...#........#######.# ...
.....####.#.#.>.....######.....
...)............@gg(...........
...######.##...#####..####..g.
...# #.##.#.# ##.##...... ...#
#.##.#.# #....# ...## #.# .# .
##...# ....#### .##.# ##...#
.......##....# #.#.#
....)........# ..#.#
>.#.##.....#.. ### .

Notes
Turn   | Place    | Note
--------------------------------------------------------------
     0 | D:1      | ololoev the Ogre Hunter began the quest for the Orb.
     0 | D:1      | Reached XP level 1. HP: 22/22 MP: 1/1
   155 | D:1      | Reached skill level 1 in Maces & Flails
   225 | D:1      | Reached XP level 2. HP: 6/31 MP: 2/2
   551 | D:1      | Slain by a goblin

Dungeon Overview and Level Annotations

Branches:
Dungeon (1/15)

Altars:


Message History

The goblin hits you with a spear.
You hit the goblin but do no damage.
The goblin is lightly wounded.
The goblin barely misses you. The goblin closely misses you.
The goblin completely misses you.
You barely miss the goblin.
The goblin is lightly wounded.
The goblin barely misses you. x2
You barely miss the goblin.
The goblin is lightly wounded.
The goblin hits you with a spear. The goblin hits you but does no damage.
You hit the goblin.
The goblin is moderately wounded.
The goblin barely misses you. The goblin hits you with a club.
The goblin barely misses you.
You hit the goblin but do no damage.
The goblin is moderately wounded.
The goblin hits you with a club. The goblin hits you but does no damage.
You closely miss the goblin.
The goblin is moderately wounded.
The goblin misses you. The goblin barely misses you.
You barely miss the goblin.
The goblin is moderately wounded.
The goblin closely misses you. The goblin barely misses you.
You closely miss the goblin.
The goblin is moderately wounded.
The goblin completely misses you. The goblin hits you with a club.
The goblin hits you but does no damage. The goblin closely misses you.
You closely miss the goblin.
The goblin is moderately wounded.
The goblin hits you with a spear. The goblin hits you but does no damage.
You barely miss the goblin.
The goblin is moderately wounded.
The goblin hits you with a spear. The goblin barely misses you.
You barely miss the goblin.
The goblin is moderately wounded.
The goblin closely misses you. The goblin hits you with a club.
The goblin hits you but does no damage.
The goblin hits you from afar with a spear.
You die...

You could see 2 goblins.

Vanquished Creatures
  A goblin (D:1)
  A hobgoblin (D:1)
  4 kobolds (D:1)
  A giant newt (D:1)
  A rat (D:1)
8 creatures vanquished.

Action                   || total
-------------------------++-------
Melee: Mace              ||    50

Vault maps used:
D:1:      ncdulo_wetmaze, roderic_roman_lattice
